 Dungeon Sprint DCSS version 0.26-a0-712-ga5a9c9c9d0 (webtiles) character file.

Game seed: 9958119127748897794

705 mhtbhm the Unseen (level 7, 0/37 HPs)
             Began as a Spriggan Brigand on Oct 31, 2020.
             Was an Initiate of Dithmenos.
             Slain by a hellwing (5 damage)
             ... summoned by a kobold demonologist
             ... in the Dungeon (Sprint I: "Red Sonja").
             The game lasted 00:01:05 (219 turns).

mhtbhm the Unseen (Spriggan Brigand)                 Turns: 219, Time: 00:01:05

Health: 0/37       AC:  3    Str:  7    XL:     7   Next: 39%
Magic:  8/8        EV: 19    Int: 12    God:    Dithmenos [......]
Gold:   418        SH:  0    Dex: 20    Spells: 6/6 levels left

rFire    . . .     SeeInvis +   a - +2 dagger
rCold    . . .     Faith    .   (shield restricted)
rNeg     . . .     Spirit   .   b - +0 robe
rPois    .         Reflect  .   (helmet restricted)
rElec    .         Harm     .   c - +0 cloak
rCorr    .         Rampage  .   (gloves unavailable)
MR       +....     NoTele   +   (boots unavailable)
Stlth    +++++++...             (no amulet)
HPRegen  0.12/turn              (no ring)
MPRegen  0.11/turn              (no ring)

@: hasted, very quick
A: very small, unfitting armour, see invisible, speed 3
a: Renounce Religion


You were in the Dungeon.
You worshipped Dithmenos.
Dithmenos was noncommittal.
You visited 1 branch You collected 418 gold pieces.

Inventory:

Hand Weapons
 a - a +2 dagger (weapon)
Missiles
 d - 8 poisoned darts
 e - 2 curare-tipped darts (quivered)
Armour
 b - a +0 robe (worn)
 c - a +0 cloak (worn)
Wands
 j - a wand of random effects (19)
 m - a wand of flame (22)
Scrolls
 k - a scroll of blinking
Potions
 f - a potion of curing
 g - a potion of heal wounds
 i - 2 potions of magic


   Skills:
 + Level 4.3 Fighting
 + Level 6.8 Short Blades
 + Level 6.0 Throwing
 + Level 3.4 Dodging
 + Level 18.9 Stealth


You had 6 spell levels left.
You didn't know any spells.
Your spell library was empty.

Dungeon Overview and Level Annotations

Branches:
Dungeon (1/1)

Altars:
Cheibriados
Dithmenos
Elyvilon
Fedhas
Gozag
Hepliaklqana
Kikubaaqudgha
Makhleb
Nemelex Xobeh
Okawaru
Qazlal
Ru
Sif Muna
Trog
Uskayaw
Vehumet
Wu Jian
Xom
Yredelemnul
Zin
The Shining One
Jiyva
Lugonu

Shops:
D [


Innate Abilities, Weirdness & Mutations

You are very small and have problems with some larger weapons.
You are too small for most types of armour.
You have supernaturally acute eyesight. (SInv)
You cover ground extremely quickly.


Message History

The hellwing closely misses you. x2
The kobold demonologist hits you but does no damage.
The kobold demonologist gestures wildly while chanting.
You hit the kobold demonologist.
The kobold demonologist is moderately wounded.
You hit the kobold demonologist.
The kobold demonologist is heavily wounded.
The kobold demonologist gestures wildly while chanting.
The hellwing hits you! The hellwing completely misses you.
You hit the kobold demonologist but do no damage.
The kobold demonologist is heavily wounded.
The kobold demonologist hits you with a +0 dagger.
You hit the kobold demonologist but do no damage.
The kobold demonologist is heavily wounded.
You hit the kobold demonologist.
The kobold demonologist is heavily wounded.
The hellwing hits you!
* * * LOW HITPOINT WARNING * * *
The hellwing hits you.
You die...

##################
.#.)'..#__#..5555#
.'..#..'..'..#5KK#
'#####'#__####34@+
.#...#.#### #####
##..##(# _##'#_.+
..'..._# _##_.#'#
_###+#.# ## ###


You could see a hellwing (summoned), 2 kobold demonologists, a ynoxinul
(summoned) and 5 ufetubi.

Vanquished Creatures
  A slime creature (D)
  Sigmund (D)
  A yak (D)
  A floating eye (D)
  An ogre (D)
  A jelly (D)
  Ijyb (D)
7 creatures vanquished.

Notes
Turn   | Place    | Note
-------+----------+-------------------------------------------
     0 | D        | mhtbhm the Spriggan Brigand began the quest for the Orb.
     0 | D        | Reached XP level 1. HP: 10/10 MP: 2/2
     2 | D        | Noticed Ijyb
    12 | D        | Killed Ijyb
    12 | D        | Reached skill level 9 in Stealth
    12 | D        | Reached XP level 2. HP: 15/15 MP: 3/3
    47 | D        | Noticed an ogre
    60 | D        | Killed an ogre
    60 | D        | Reached skill level 12 in Stealth
    60 | D        | Reached XP level 3. HP: 19/19 MP: 4/4
    60 | D        | Reached XP level 4. HP: 23/23 MP: 5/5
    85 | D        | Noticed Sigmund
    88 | D        | Killed Sigmund
    88 | D        | Reached skill level 5 in Short Blades
    88 | D        | Reached skill level 15 in Stealth
    88 | D        | Reached XP level 5. HP: 28/28 MP: 6/6
   102 | D        | Found an ornate altar of the Wu Jian Council.
   102 | D        | Found a shimmering blue altar of Sif Muna.
   104 | D        | Found a radiant altar of Vehumet.
   108 | D        | Reached XP level 6. HP: 32/32 MP: 7/7
   110 | D        | Found Kuhur's Armour Emporium.
   110 | D        | Found an ancient bone altar of Kikubaaqudgha.
   110 | D        | Found a hazy altar of Hepliaklqana.
   110 | D        | Found a stormy altar of Qazlal.
   110 | D        | Found a hide-covered altar of Uskayaw.
   110 | D        | Found a blossoming altar of Fedhas.
   110 | D        | Found a bloodstained altar of Trog.
   110 | D        | Found an iron altar of Okawaru.
   110 | D        | Found a basalt altar of Yredelemnul.
   110 | D        | Found a glowing golden altar of the Shining One.
   110 | D        | Found a snail-covered altar of Cheibriados.
   110 | D        | Found a sacrificial altar of Ru.
   110 | D        | Found a glowing silver altar of Zin.
   110 | D        | Found a shadowy altar of Dithmenos.
   110 | D        | Found a white marble altar of Elyvilon.
   110 | D        | Noticed a yak
   111 | D        | Found an opulent altar of Gozag.
   112 | D        | Killed a yak
   112 | D        | Reached skill level 5 in Throwing
   112 | D        | Reached skill level 17 in Stealth
   113 | D        | Found a sparkling altar of Nemelex Xobeh.
   121 | D        | Became a worshipper of Dithmenos the Shadowed
   164 | D        | Found a burning altar of Makhleb.
   164 | D        | Found a viscous altar of Jiyva.
   164 | D        | Found a shimmering altar of Xom.
   164 | D        | Found a corrupted altar of Lugonu.
   164 | D        | Noticed a slime creature
   167 | D        | Killed a slime creature
   167 | D        | Reached skill level 18 in Stealth
   167 | D        | Reached XP level 7. HP: 37/37 MP: 8/8
   183 | D        | Noticed a kobold demonologist
   184 | D        | Noticed a kobold demonologist
   192 | D        | Noticed a hellwing
   202 | D        | Noticed a ynoxinul
   219 | D        | Slain by a hellwing

Illustrated notes

Levels and vault maps discovered:
D:        dungeon_sprint_1 [red_sonja_temple_1, red_sonja_temple_small_1]

Skill      XL: |  1  2  3  4  5  6  7 |
---------------+----------------------+-----
Fighting       | 2 3 4 |  4.3
Short Blades   | 3 4 5 6 |  6.8
Stealth        | 9 12 15 18 | 18.9
Throwing       | 3 4 5 6 |  6.0
Dodging        | 2 3 |  3.4

Action                   |  1- 3 |  4- 6 |  7- 9 || total
-------------------------+-------+-------+-------++-------
Melee: Dagger            |     8 |     4 |    26 ||    38
Throw: Dart              |     4 |       |       ||     4
  Use: Potion            |     1 |       |     2 ||     3
 Stab: Sleeping          |       |     4 |       ||     4
Armor: Robe              |     1 |       |     8 ||     9
Dodge: Dodged            |     3 |       |    27 ||    30

Table legend: (Time is in decaauts)
 A = Elapsed time spent in this place.
 B = Non-inter-level travel time spent in this place.
 C = Inter-level travel time spent in this place.
 D = Time resting spent in this place.
 E = Time spent auto-exploring this place.
 F = Levels seen in this place.
 G = Mean time per level.
                   A        B        C        D        E       F      G
               +--------+--------+--------+--------+--------+-----+--------+
         Total |    165 |    165 |      0 |     40 |      0 |   1 |  165.0 |
       Dungeon |    165 |    165 |      0 |     40 |      0 |   1 |  165.0 |
               +--------+--------+--------+--------+--------+-----+--------+

Top non-repeatable levels by time:
       D: 165 daAuts
